 Dungeon Crawl Stone Soup version 0.29-a0-330-g52719c12eb (webtiles) character file.

Game seed: 5227063936264578656

4476 jt the Skirmisher (level 10, -2/82 HPs)
             Began as a Vine Stalker Delver on Apr 22, 2022.
             Was a High Priest of Okawaru.
             Slain by a sun demon (13 damage)
             ... in a volcano.
             The game lasted 00:23:19 (8023 turns).

jt the Skirmisher (Vine Stalker Delver)             Turns: 8023, Time: 00:23:21

Health: -2/82      AC:  9    Str: 15 (18) XL:     10   Next: 38%
Magic:  0/15       EV: 11    Int:  9 (10) God:    Okawaru [*****.]
Gold:   505        SH:  0    Dex: 16 (19) Spells: 10/13 levels left

rFire   . . .      SeeInvis .   a - +2 short sword (speed)
rCold   + . .      Faith    .   (no shield)
rNeg    . . .      Spirit   +   N - +2 leather armour {rC+}
rPois   .          Reflect  .   e - +0 helmet
rElec   .          Harm     .   V - +0 cloak
rCorr   .          Rampage  .   q - +0 pair of gloves
Will    +....                   r - +0 pair of boots
Stlth   ..........              X - amulet of the acrobat
HPRegen 1.03/turn               (no ring)
MPRegen 0.14/turn               (no ring)

@: mighty, brilliant, berserking, attractive, very quick
A: fangs 3, regeneration 1, magic shield, antimagic bite, no potion heal 2,
strong 1, devolution 1
a: Renounce Religion, Heroism, Finesse, Duel


You were in a volcano.
You worshipped Okawaru.
Okawaru was extremely pleased with you.
You visited 3 branches of the dungeon, and saw 11 of its levels.
You also visited: Volcano.

You collected 505 gold pieces.

Inventory:

Hand Weapons
 a - a +2 short sword of speed (weapon)
 b - a +0 hunting sling
 d - a +2 demon trident of venom
 s - a +0 war axe
 x - a +0 trident
 H - a +0 short sword
 P - the +6 whip "Jelly's Death" {flame, *Corrode rPois Int+3 Dex+4}
   (You found it on level 6 of the Dungeon)

   It burns those it strikes, dealing additional fire damage.
   Int:       It affects your intelligence (+3).
   Dex:       It affects your dexterity (+4).
   rPois:     It protects you from poison.
   *Corrode:  It may corrode you when you take damage.
 Q - a +0 vorpal war axe
 W - a +0 hand crossbow
 Y - a +0 hand axe of electrocution
 Z - a +1 short sword of freezing
Missiles
 h - 372 stones
 l - 14 poisoned darts (quivered)
 D - a throwing net
Armour
 e - a +0 helmet (worn)
 q - a +0 pair of gloves (worn)
 r - a +0 pair of boots (worn)
 w - a +0 chain mail
 J - +0 steam dragon scales
 N - a +2 leather armour of cold resistance (worn)
 V - a +0 cloak (worn)
Magical Staves
 n - a staff of air
 R - a staff of earth
Jewellery
 X - an amulet of the acrobat (around neck)
Wands
 g - a wand of digging (3)
 u - a wand of iceblast (26)
 M - a wand of paralysis (3)
 S - a wand of mindburst (6)
Scrolls
 c - a scroll of fog
 f - 2 scrolls of enchant armour
 v - a scroll of immolation
 y - 3 scrolls of vulnerability
 C - a scroll of teleportation
 I - a scroll of brand weapon
 K - 2 scrolls of blinking
Potions
 j - 2 potions of flight
 k - a potion of attraction
 o - a potion of heal wounds
 t - 5 potions of curing
 z - 2 potions of might
 E - a potion of ambrosia {unknown}
 F - 2 potions of lignification
 T - a potion of magic


   Skills:
 + Level 7.6 Fighting
 + Level 7.3 Short Blades
 + Level 3.9 Throwing
 - Level 1.5 Dodging
 - Level 6.0 Stealth
 - Level 2.0 Spellcasting
 + Level 1.8 Translocations
 + Level 6.0 Invocations
 - Level 5.0 Evocations


You had 10 spell levels left.
You knew the following spells:

 Your Spells              Type           Power      Damage    Failure   Level
a - Apportation           Tloc           12%        N/A       19%         1
b - Blink                 Tloc           12%        N/A       28%         2

Your spell library contained the following spells:

 Spells                   Type           Power      Damage    Failure   Level
 Magic Dart               Conj           4%         1d3       38%         1
 Pain                     Necr           4%         1d4       38%         1
 Lesser Beckoning         Tloc           6%         N/A       50%         3
 Corpse Rot               Necr/Air       2%         N/A       52%         2
 Poisonous Vapours        Pois/Air       2%         N/A       52%         2
 Searing Ray              Conj           2%         2d4       52%         2
 Stone Arrow              Conj/Erth      2%         3d7       77%         3
 Vampiric Draining        Necr           1%         2d6       77%         3
 Fulminant Prism          Conj/Hex       0%         3d6       99%         4
 Hailstorm                Conj/Ice       1%         3d3       99%         4
 Ice Form                 Ice/Tmut       1%         N/A       99%         4
 Manifold Assault         Tloc           6%         N/A       99%         5
 Alistair's Intoxication  Tmut/Pois      0%         N/A       100%        5
 Borgnjor's Vile Clutch   Necr/Erth      0%         N/A       100%        5
 Eringya's Noxious Bog    Tmut/Pois      0%         N/A       100%        6
 Lehudib's Crystal Spear  Conj/Erth      0%         10d2      100%        8
 Animate Skeleton         Necr           Unusable   N/A       N/A         1
 Summon Small Mammal      Summ           Unusable   N/A       N/A         1
 Animate Armour           Summ/Erth      Unusable   N/A       N/A         4
 Simulacrum               Ice/Necr       Unusable   N/A       N/A         6

Dungeon Overview and Level Annotations

Branches:
Dungeon (9/15)             Temple (1/1) D:5            Lair (1/6) D:8
Volcano (1/1)
    Orc: D:9-12

Altars:
Cheibriados
Dithmenos
Elyvilon
Fedhas
Hepliaklqana
Makhleb
Okawaru
Qazlal
Sif Muna
Vehumet
Zin
The Shining One

Shops:
D:5 *   D:7 =


Innate Abilities, Weirdness & Mutations

You have razor-sharp teeth.
Your natural rate of healing is unusually fast.
When hurt, damage is shared between your health and your magic reserves.
Your bite disrupts and absorbs the magic of your enemies.
Potions cannot restore your health.
Your muscles are strong. (Str +2)
You have hidden genetic defects.


Message History

Your transformation is almost over.
You cannot move.
It was a potion of might.
You feel very mighty all of a sudden.
You cannot move.
You start waiting.
HP restored.
You feel less wooden.
Your +0 cloak unmelds from your body.
Your +0 helmet unmelds from your body.
Your +0 pair of gloves unmelds from your body.
Your +0 pair of boots unmelds from your body.
Your +2 leather armour of cold resistance unmelds from your body.
You feel resistant to cold.
A sun demon comes into view.
Found 14 gold pieces and a scroll of enchant weapon.
The sun demon shouts!
A red ugly thing comes into view.
The red ugly thing is attracted toward you.
The red ugly thing gurgles horribly!
You hit the sun demon but do no damage. You bite the sun demon.
You drain its power.
The sun demon is lightly wounded.
Press: ? - help, v - describe, . - travel, g - get item
Here: a red ugly thing Item here: 14 gold pieces.
The floor.
It was a potion of brilliance.
You feel clever all of a sudden. The sun demon hits you!
You are engulfed in flames!
It was a potion of degeneration.
There was something very wrong with that liquid.
You feel weakened.
You feel dopey.
You feel clumsy. The sun demon closely misses you.
It was a potion of berserk rage.
A red film seems to cover your vision as you go berserk!
You feel yourself moving faster!
You feel mighty! The sun demon hits you!!
You are engulfed in flames!
The sun demon hits you!!
* * * LOW HITPOINT WARNING * * *
You are engulfed in flames!
You die...

##...§≈≈≈≈≈§§≈§§§....
#...≈≈≈≈≈≈≈§§≈§≈....#
##...≈§§≈≈§§§§≈§§.....
##....≈§≈≈≈≈§≈≈§≈....##
........§≈§≈≈.§§.......
######....§.........#
###############.#####
≈≈§°# ##.# §≈≈## #@#
≈≈≈# ##3$?# ≈≈## )$.#
### .[≈.≈ # ≈≈≈≈##
≈§≈## #°°# °##


You could see a sun demon.

Vanquished Creatures
  A two-headed ogre (D:8)
  Prince Ribbit (D:5)
  Sigmund (D:4)
  Eustachio (D:5)
  A wyvern (D:8)
  A steam dragon (D:9)
  Menkaure (D:4)
  3 wargs (D:8)
  2 water moccasins (D:8)
  A hell hound (Volcano)
  An orc warrior (D:8)
  A black bear (D:4)
  A sky beast (D:8)
  An ogre (D:7)
  A centaur (D:9)
  A kobold brigand (D:8)
  7 phantoms
  A bullfrog (D:4)
  A gnoll sergeant (D:6)
  2 scorpions
  A necrophage (D:7)
  7 howler monkeys
  3 hounds
  A jelly (D:6)
  6 orc priests
  A gnoll shaman (D:7)
  2 iguanas (D:6)
  2 orc wizards
  10 gnolls
  9 adders
  A shadow imp (D:7)
  2 white imps
  A worm (D:2)
  5 dart slugs
  18 orcs
  3 ball pythons (D:4)
  7 endoplasms
  8 goblins
  6 hobgoblins
  5 jackals (D:2)
  15 kobolds
  2 quokkas
  2 bats
  8 rats
155 creatures vanquished.

Vanquished Creatures (others)
  A plant (D:8)
1 creature vanquished.

Grand Total: 156 creatures vanquished

Notes
Turn   | Place    | Note
-------+----------+-------------------------------------------
     0 | D:5      | jt the Vine Stalker Delver began the quest for the Orb.
     0 | D:5      | Reached XP level 1. HP: 11/11 MP: 2/2
    15 | D:4      | Noticed a black bear
    15 | D:4      | Noticed a bullfrog
   374 | D:3      | Found an iron altar of Okawaru.
   386 | D:3      | Became a worshipper of Warmaster Okawaru
   507 | D:1      | Reached XP level 2. HP: 5/16 MP: 3/3
  1602 | D:1      | Reached XP level 3. HP: 20/20 MP: 5/5
  1745 | D:1      | Reached skill level 1 in Spellcasting
  2430 | D:2      | Gained mutation: Your natural rate of healing is unusually
                  | fast. [Vine Stalker growth]
  2430 | D:2      | Reached XP level 4. HP: 24/24 MP: 7/7
  2778 | D:3      | Found a stormy altar of Qazlal.
  3050 | D:3      | Found a shimmering blue altar of Sif Muna.
  3355 | D:4      | Noticed a scorpion
  3439 | D:4      | Reached skill level 1 in Evocations
  3445 | D:4      | Reached XP level 5. HP: 27/28 MP: 6/8
  3535 | D:4      | Reached * piety under Okawaru
  3557 | D:4      | Noticed Menkaure
  3667 | D:4      | Paralysed by a kobold for 2 turns
  3730 | D:4      | Noticed Sigmund
  3738 | D:4      | Reached XP level 6. HP: 30/33 MP: 8/10
  3750 | D:4      | Killed Sigmund
  3750 | D:4      | Reached ** piety under Okawaru
  3751 | D:4      | Reached XP level 7. HP: 27/38 MP: 7/11
  3753 | D:4      | Killed Menkaure
  3805 | D:4      | Reached skill level 5 in Fighting
  4050 | D:4      | Found a hazy altar of Hepliaklqana.
  4283 | D:5      | Found a staircase to the Ecumenical Temple.
  4294 | Temple   | Entered the Ecumenical Temple
  4404 | D:5      | Noticed Eustachio
  4422 | D:5      | Killed Eustachio
  4423 | D:5      | Reached skill level 1 in Invocations
  4423 | D:5      | Gained mutation: You have razor-sharp teeth. [Vine Stalker
                  | growth]
  4423 | D:5      | Reached XP level 8. HP: 17/44 MP: 4/12
  4612 | D:5      | Found Jelayn's Overcharged Wands.
  4637 | D:5      | Noticed Prince Ribbit
  4640 | D:5      | Reached skill level 5 in Short Blades
  4654 | D:5      | Killed Prince Ribbit
  4654 | D:5      | Reached *** piety under Okawaru
  5359 | D:6      | Found a white marble altar of Elyvilon.
  5394 | D:6      | Identified the +6 whip "Jelly's Death" {flame, *Corrode
                  | rPois Int+3 Dex+4}
  5539 | D:6      | Reached skill level 5 in Evocations
  5539 | D:6      | Reached XP level 9. HP: 45/48 MP: 11/13
  5696 | D:6      | Reached **** piety under Okawaru
  5903 | D:7      | Found Xygar's Jewellery Boutique.
  6030 | D:7      | Found a radiant altar of Vehumet.
  6140 | D:7      | Reached skill level 1 in Throwing
  6471 | D:7      | Learned a level 1 spell: Apportation
  6795 | D:8      | Noticed a two-headed ogre
  7001 | D:8      | Found a staircase to the Lair.
  7171 | D:8      | Reached ***** piety under Okawaru
  7172 | D:8      | Reached skill level 5 in Invocations
  7482 | D:8      | Reached XP level 10. HP: 55/55 MP: 13/15
  7582 | D:8      | Learned a level 2 spell: Blink
  7745 | D:9      | Found a snail-covered altar of Cheibriados.
  7745 | D:9      | Noticed a torpor snail
  7745 | D:9      | Noticed a torpor snail
  7920 | D:8      | Killed a two-headed ogre
  7921 | D:8      | Reached skill level 1 in Translocations
  7941 | Lair:1   | Entered Level 1 of the Lair of Beasts
  7966 | Lair:1   | Found a dark tunnel.
  7976 | Volcano  | Entered a volcano
  8005 | Volcano  | Received a gift from Okawaru
  8009 | Volcano  | Gained mutation: Your muscles are strong. (Str +2) [potion
                  | of mutation]
  8009 | Volcano  | Gained mutation: You have hidden genetic defects. [potion
                  | of mutation]
  8019 | Volcano  | Noticed a sun demon
  8019 | Volcano  | Noticed a red ugly thing
  8023 | Volcano  | Slain by a sun demon

Illustrated notes

Levels and vault maps discovered:
D:1:      matt_arrival_los_fun, layout_basic, minmay_heptomino_h4
D:2:      layout_loops_ring
D:3:      layout_basic, lemuel_blue_sif_altar, mainiacjoe_overflow_paths,
          nicolae_qazlal_general_emergency, minmay_circle_x
D:4:      layout_basic, general_overflow_altar, uniq_sigmund, uniq_menkaure
D:5:      layout_basic, minmay_temple_entry_wispy, serial_bayou_pond_e,
          nicolae_shop_overcharged_wands, uniq_prince_ribbit1,
          uniq_blork_the_orc, uniq_eustachio
D:6:      layout_basic, mainiacjoe_overflow_concentric_impassable
D:7:      layout_basic, nicolae_vehumet_radiance, serial_shops, shop,
          corexii_checkpoint_b, minmay_holes
D:8:      layout_loops_ring, erik_lair_orcish_takeover,
          hangedman_abyss_or_decor_passed
D:9:      layout_roguey, grunt_temple_overflow_opulence, xom_redecorated,
          cheibriados_altar_2
Temple:   nicolae_temple_hex_pool
Lair:1:   layout_roguey, nicolae_volcano_entry_hallway, serial_bayou_shore_a,
          uniq_maggie
Volcano:  volcano_pools

Skill      XL: |  1  2  3  4  5  6  7  8  9 10 |
---------------+-------------------------------+-----
Short Blades   | 2 3 4 5 6 7 |  7.3
Fighting       | 3 4 5 6 7 |  7.6
Spellcasting   | 1 2 |  2.0
Evocations     | 1 2 4 5 |  5.0
Invocations    | 1 3 5 6 |  6.0
Throwing       | 3 |  3.9
Translocations | 1 |  1.8
Dodging        | |  1.5
Stealth        | |  6.0

Action                   |  1- 3 |  4- 6 |  7- 9 | 10-12 || total
-------------------------+-------+-------+-------+-------++-------
Melee: Short sword       |   107 |   106 |   347 |    42 ||   602
       Bite              |    27 |    25 |   128 |    17 ||   197
       Punch             |       |     1 |     7 |     3 ||    11
       Trident           |       |       |     1 |       ||     1
 Fire: Hunting sling     |     4 |     6 |     1 |       ||    11
Throw: Stone             |    10 |     6 |    20 |       ||    36
       Throwing net      |       |       |     1 |       ||     1
       Dart              |       |       |    25 |     7 ||    32
Evoke: Wand              |       |       |     9 |     3 ||    12
  Use: Scroll            |     2 |       |    10 |     2 ||    14
       Potion            |     1 |       |       |    11 ||    12
 Stab: Sleeping          |     4 |    10 |     6 |     1 ||    21
       Paralysed         |       |       |     2 |     3 ||     5
       Distracted        |       |       |     1 |       ||     1
Armor: Leather armour    |    35 |    33 |    65 |     7 ||   140
       Skin              |       |       |       |     1 ||     1
Dodge: Dodged            |    54 |    49 |   114 |    22 ||   239

Table legend: (Time is in decaauts)
 A = Elapsed time spent in this place.
 B = Non-inter-level travel time spent in this place.
 C = Inter-level travel time spent in this place.
 D = Time resting spent in this place.
 E = Time spent auto-exploring this place.
 F = Levels seen in this place.
 G = Mean time per level.
                   A        B        C        D        E       F      G
               +--------+--------+--------+--------+--------+-----+--------+
         Total |   7807 |   7408 |    399 |    948 |   3860 |  12 |  650.6 |
       Dungeon |   7705 |   7316 |    389 |    940 |   3859 |   9 |  856.1 |
        Temple |     21 |     11 |     10 |      0 |      0 |   1 |   21.0 |
          Lair |     34 |     34 |      0 |      0 |      0 |   1 |   34.0 |
       Volcano |     45 |     45 |      0 |      8 |      1 |   1 |   45.0 |
               +--------+--------+--------+--------+--------+-----+--------+

Top non-repeatable levels by time:
     D:1: 1321 daAuts
     D:4: 1102 daAuts
     D:5: 1024 daAuts
     D:2: 946 daAuts
     D:8: 897 daAuts
     D:7: 888 daAuts
     D:3: 815 daAuts
     D:6: 550 daAuts
     D:9: 156 daAuts
 Volcano: 45 daAuts
  Lair:1: 34 daAuts
  Temple: 21 daAuts
